 Dungeon Crawl Stone Soup version 0.29.0-4-gdea44cf6ec (webtiles) character file.

Game seed: 12245038828700198775

93886 qw the Severer (level 16, -4/101 HPs)
             Began as a Gargoyle Fighter on Sept 9, 2022.
             Was a High Priest of Okawaru.
             Killed from afar by an orc wizard (7 damage)
             ... with a puff of flame
             ... on level 2 of the Orcish Mines.
             The game lasted 00:10:09 (21929 turns).

qw the Severer (Gargoyle Fighter)                  Turns: 21929, Time: 00:10:09

Health: -4/101     AC: 35    Str: 36    XL:     16   Next: 9%
Magic:  1/7        EV: 14    Int:  8    God:    Okawaru [*****.]
Gold:   2098       SH: 21    Dex: 12    Spells: 15/15 levels left

rFire   . . .      SeeInvis .   F - +8 broad axe of Catet {antimagic, rPois}
rCold   + . .      Faith    .   E - +0 tower shield
rNeg    + + .      Spirit   .   k - quicksilver dragon scales "Entut" {Will+ Regen+ Str-2 Dex+3}
rPois   inf        Reflect  .   l - +0 helmet
rElec   +          Harm     .   n - +1 cloak of Cocytus {rN+ rCorr}
rCorr   +          Rampage  .   a - +1 pair of gloves {Str+3}
Will    ++...                   o - +0 pair of boots
Stlth   ++........              (no amulet)
HPRegen 1.06/turn               w - +6 ring of strength
MPRegen 0.10/turn               c - ring of protection from cold

@: about to teleport, heroic, finesse-ful, flying
A: sickness immunity, AC +12, big wings, negative energy resistance 1,
electricity resistance, torment resistance 1, petrification resistance, subdued
magic 1, noise suppression
a: Renounce Religion, Heroism, Finesse, Duel


You were on level 2 of the Orcish Mines.
You worshipped Okawaru.
Okawaru was extremely pleased with you.
You visited 4 branches of the dungeon, and saw 23 of its levels.

You collected 2333 gold pieces.
You spent 235 gold pieces at shops.


Innate Abilities, Weirdness & Mutations

You are immune to sickness and miasma.
Your stone body is resilient. (AC +12)
You are immune to poison.
Your large and strong wings let you fly.
You resist negative energy. (rN+)
You are resistant to electric shocks. (rElec)
You are resistant to unholy torment.
You are immune to petrification.
Your spells are a little easier to cast, but a little less powerful.
You passively dampen the noise of your surroundings.


   Skills:
 - Level 12.0(17.0) Fighting
 - Level 15.9(20.9) Axes
 - Level 5.0(10.0) Throwing
 - Level 9.0(14.0) Armour
 - Level 6.0(11.0) Dodging
 + Level 15.4(20.4) Shields
 - Level 10.0 Invocations


You had 15 spell levels left.
You didn't know any spells.
Your spell library was empty.

Inventory:

Hand Weapons
 y - a +0 hand axe of flaming
 F - the +8 broad axe of Catet (weapon) {antimagic, rPois}
   (You acquired it on level 13 of the Dungeon)

   It reduces the magical energy of the wielder, and disrupts the spells and
   magical abilities of those it strikes.
   Natural abilities and divine invocations are not affected.
   rPois:     It protects you from poison.
Missiles
 u - 2 boomerangs (quivered)
Armour
 a - a +1 pair of gloves of strength (worn)
 g - the +4 swamp dragon scales "Tehycaoq" {rPois Regen+ Str-2 Dex+4}
   (You acquired it on level 1 of the Dungeon)

   Str:       It affects your strength (-2).
   Dex:       It affects your dexterity (+4).
   rPois:     It protects you from poison.
   Regen:     It increases your rate of health regeneration.
 k - the quicksilver dragon scales "Entut" (worn) {Will+ Regen+ Str-2 Dex+3}
   (Okawaru gifted it to you on level 15 of the Dungeon)

   Str:       It affects your strength (-2).
   Dex:       It affects your dexterity (+3).
   Regen:     It increases your rate of health regeneration.
   Will:      It increases your willpower.
 l - a +0 helmet (worn)
 n - the +1 cloak of Cocytus (worn) {rN+ rCorr}
   (You found it on level 5 of the Dungeon)

   rN:        It protects you from negative energy.
   rCorr:     It protects you from acid and corrosion.
 o - a +0 pair of boots (worn)
 s - +2 fire dragon scales
 E - a +0 tower shield (worn)
Jewellery
 b - a ring of protection from fire
 c - a ring of protection from cold (right hand)
 e - a ring of willpower
 p - a ring of positive energy
 w - a +6 ring of strength (left hand)
Scrolls
 f - 6 scrolls of blinking
 h - 5 scrolls of teleportation
 q - 13 scrolls of identify
 v - a scroll of brand weapon
 B - a scroll of fog
Potions
 d - 5 potions of might
 i - 11 potions of curing
 j - 6 potions of haste
 m - 2 potions of mutation
 r - 7 potions of lignification
 t - 3 potions of heal wounds
 z - a potion of attraction
 A - a potion of resistance
 D - 2 potions of cancellation

Dungeon Overview and Level Annotations

Branches:
Dungeon (15/15)            Temple (1/1) D:5            Lair (5/5) D:11
 Shoals (0/4) Lair:3       Spider (0/4) Lair:2        Slime (0/5) Lair:4
    Orc (2/2) D:10            Elf (0/3) Orc:2        Vaults (0/5) D:13
 Depths (0/4) D:15

Altars:
Ashenzari
Cheibriados
Dithmenos
Elyvilon
Fedhas
Gozag
Hepliaklqana
Kikubaaqudgha
Makhleb
Nemelex Xobeh
Okawaru
Qazlal
Ru
Sif Muna
Trog
Uskayaw
Vehumet
Wu Jian
Xom
Yredelemnul
Zin
The Shining One
Jiyva

Shops:
D:2 *[[   D:13 (   Orc:2 ::

Portals:
Trove: D:14 (give +3 gold dragon scales)

Annotations:
D:13 3 runed translucent doors, qw's ghost, journeyman GrBe
Lair:5 2 runed translucent doors
Orc:2 Saint Roka


Message History

You block the orc warrior's attack.
The orc priest calls down the wrath of Beogh upon you.
Beogh smites you!
The orc priest miscasts a cantrip.
You carve the orc warrior like a ham!!!
You kill the orc warrior!
Okawaru accepts your kill.
You barely miss the orc warrior. You hit the orc priest.
You kill the orc priest!
Okawaru accepts your kill.
You barely miss the orc.
The orc priest no longer looks unusually strong.
You slice the orc warrior!!
The orc warrior is almost dead.
You slice the orc!!
You kill the orc!
You slice the orc warrior!!
You kill the orc warrior!
Okawaru accepts your kill.
Saint Roka roars a battlecry!
The orcs go into a battle-frenzy!
You slice the orc!!
You kill the orc!
The orc priest no longer looks unusually strong.
The orc priest mumbles some strange prayers to Beogh against you.
Beogh smites you!
Saint Roka roars a battlecry!
The orc priest goes into a battle-frenzy!
The orc priest begins to cast a cantrip, but forgets the words!
Items here: %% )))))) [[[.
21929 ||| READING 6 scrolls of teleportation.
As you read the scroll of teleportation, it crumbles to dust.
You feel strangely unstable.
The orc no longer looks unusually strong.
Saint Roka calls down the wrath of Beogh upon you.
Beogh smites you!
You hear some strange, mumbled words.
A puff of flame appears from out of thin air!
The puff of flame hits you!
You die...

#.###.####.....................#.
...#### ##......................
#..## ##...8.8...............
....## ###....)........)...#.##
...#.## ##...##))'##.....)[#####
......###..###.....###....)#
.......##.## #8)).8# ##.....#
........#.# ##).)## #.##..#
.......##.# #)@)# #.##...#
.....####.#...oo{.+ #.###.##
.#..).#.#.#...#ooo# #.# ##
.##..#)...#####.8.# #.
#..##.#.#.# #.oo# ........#.#
'.o.' ..........# #...#.
........).# #...# ...##.##...#


You could see Saint Roka, 2 orc priests and 5 orcs.

Vanquished Creatures
  Gastronok (Lair:1)
  Azrael (D:15)
  An ettin (Orc:2)
  7 hydras
  A vault guard (D:13)
  2 rakshasas
  A boulder beetle (Lair:4)
  5 two-headed ogres
  6 centaur warriors
  Erica (D:9)
  6 death yaks (Lair:5)
  2 orc high priests (Orc:2)
  A tengu warrior (D:10)
  A fire crab (shapeshifter) (D:13)
  A fire crab (Lair:5)
  A death drake (shapeshifter) (D:15)
  A wizard (D:13)
  2 necromancers (D:13)
  3 orc knights
  2 deep elf pyromancers
  5 cyclopes
  An oklob plant (Lair:4)
  An orc sorcerer (Orc:2)
  A cyclops (shapeshifter) (D:15)
  A salamander (D:15)
  13 ugly things
  3 manticores
  19 elephants
  5 black mambas
  4 molten gargoyles
  A gargoyle (D:10)
  22 cane toads
  3 torpor snails
  4 unseen horrors
  3 efreet
  3 rime drakes
  13 komodo dragons
  A freezing wraith (D:14)
  Psyche (D:9)
  6 trolls
  Prince Ribbit (D:5)
  2 polar bears
  3 meliai (D:14)
  Grinder (D:4)
  A hornet (D:8)
  6 blink frogs
  19 slime creatures
  2 jumping spiders (Lair:2)
  5 wyverns
  A vampire (D:9)
  3 wraiths
  4 fire elementals (D:15)
  A human (shapeshifter) (D:10)
  20 humans (D:13)
  2 shadows
  42 yaks
  9 basilisks
  2 steam dragons
  3 redbacks (Lair:2)
  6 vampire mosquitoes
  Edmund (D:5)
  Menkaure (D:6)
  3 wargs
  13 water moccasins
  6 hell hounds
  An acid dragon (D:13)
  27 orc warriors
  4 black bears
  4 ice beasts
  3 sky beasts
  4 boggarts (D:14)
  10 wolves
  6 ogres
  8 centaurs
  3 kobold brigands
  Blork the orc (D:5)
  A necrophage (D:5)
  8 bullfrogs
  2 gnoll sergeants
  4 scorpions
  8 wights
  4 killer bees (D:11)
  5 electric eels
  5 lava snakes (Lair:5)
  2 hounds
  14 orc priests
  3 jellies
  22 orc wizards
  6 iguanas
  2 hell rats (Lair:2)
  Robin (D:2)
  10 adders
  16 gnolls
  10 river rats (Lair:2)
  3 ufetubi
  A worm (D:2)
  A dart slug (D:2)
  81 orcs
  6 ball pythons
  7 endoplasms
  5 giant cockroaches
  46 goblins
  39 hobgoblins
  8 jackals
  4 quokkas
  7 bats
  3 frilled lizards
  22 kobolds
  4 rats
744 creatures vanquished.

Vanquished Creatures (others)
  16 fungi
  34 plants
50 creatures vanquished.

Grand Total: 794 creatures vanquished

Notes
Turn   | Place    | Note
-------+----------+-------------------------------------------
     0 | D:1      | qw the Gargoyle Fighter began the quest for the Orb.
     0 | D:1      | Reached XP level 1. HP: 14/14 MP: 1/1
     0 | D:1      | 0 ||| qw: Version: 0.1-a-113-g051387a
     0 | D:1      | 0 ||| qw: Game counter: 7016
     0 | D:1      | 0 ||| qw: Always use a shield: true
     0 | D:1      | 0 ||| qw: God list: Okawaru
     0 | D:1      | 0 ||| qw: Allow faded altars: false
     0 | D:1      | 0 ||| qw: Do Orc after D:15 true
     0 | D:1      | 0 ||| qw: Do second Lair branch before Depths: true
     0 | D:1      | 0 ||| qw: Lair rune preference: random
     0 | D:1      | 0 ||| qw: Plans: Normal, Zot, God:TSO, Crypt, Tomb, Zig,
                  | Orb
     0 | D:1      | 0 ||| PLANNING D:1-11
    82 | D:1      | 82 ||| Stepping ~*~*~tactically~*~*~ (stealth).
    83 | D:1      | 83 ||| Stepping ~*~*~tactically~*~*~ (stealth).
   452 | D:1      | Reached XP level 2. HP: 13/19 MP: 2/2
   590 | D:1      | 590 ||| Stepping ~*~*~tactically~*~*~ (stealth).
   591 | D:1      | 591 ||| Stepping ~*~*~tactically~*~*~ (stealth).
  1268 | D:1      | 1268 ||| READING scroll labelled NEUTUE UDOPU.
  1369 | D:1      | 1369 ||| READING scroll labelled CUL QAOCULU.
  1370 | D:1      | 1370 ||| READING scroll labelled TUFFES PIENOLU.
  1371 | D:1      | 1371 ||| READING scroll labelled BIRAPLOXOD.
  1372 | D:1      | 1372 ||| READING 3 scrolls labelled WOHYWU ANUJOJE.
  1372 | D:1      | Identified 3 scrolls of acquirement
  1372 | D:1      | 1372 ||| ACQUIRING +0 pair of gloves of strength
  1372 | D:1      | Acquired a +0 pair of gloves of strength
  1374 | D:1      | 1374 ||| UPGRADING to +0 pair of gloves of strength.
  1379 | D:1      | 1379 ||| READING 2 scrolls of acquirement.
  1379 | D:1      | 1379 ||| ACQUIRING +4 swamp dragon scales "Tehycaoq" {rPois
                  | Regen+ Str-2 Dex+4}
  1379 | D:1      | Acquired the +4 swamp dragon scales "Tehycaoq" {rPois
                  | Regen+ Str-2 Dex+4}
  1381 | D:1      | 1381 ||| UPGRADING to +4 swamp dragon scales "Tehycaoq"
                  | {rPois Regen+ Str-2 Dex+4}.
  1391 | D:1      | 1391 ||| DROPPING +0 scale mail.
  1392 | D:1      | 1392 ||| READING scroll of acquirement.
  1392 | D:1      | 1392 ||| ACQUIRING +1 buckler "Sueg" {rPois Int+6 Stlth-}
  1392 | D:1      | Acquired the +1 buckler "Sueg" {rPois Int+6 Stlth-}
  1394 | D:1      | 1394 ||| UPGRADING to +1 buckler "Sueg" {rPois Int+6
                  | Stlth-}.
  1404 | D:1      | 1404 ||| DROPPING +0 buckler.
  1470 | D:2      | 1470 ||| STAIRDANCE
  1479 | D:1      | Reached skill level 3 in Axes
  1479 | D:1      | Reached XP level 3. HP: 23/23 MP: 3/3
  1516 | D:2      | 1516 ||| Stepping ~*~*~tactically~*~*~ (stealth).
  1521 | D:2      | Found Mahionim's Armour Shop.
  1534 | D:2      | 1534 ||| SHOPLISTING +0 buckler of cold resistance (161
                  | gold, have 80).
  1534 | D:2      | 1534 ||| BUYING +0 cloak (63 gold).
  1534 | D:2      | Bought a +0 cloak for 63 gold pieces
  1534 | D:2      | 1534 ||| SHOPLISTING +0 helmet (63 gold, have 17).
  1640 | D:2      | Found a sparkling altar of Nemelex Xobeh.
  1642 | D:2      | 1642 ||| Stepping ~*~*~tactically~*~*~ (stealth).
  1643 | D:2      | 1643 ||| Stepping ~*~*~tactically~*~*~ (stealth).
  1645 | D:2      | 1645 ||| Stepping ~*~*~tactically~*~*~ (stealth).
  1740 | D:2      | Found Raqevviss's Assorted Antiques.
  1751 | D:2      | Reached skill level 1 in Dodging
  1754 | D:2      | 1754 ||| BUYING fuming dark potion (25 gold).
  1754 | D:2      | Bought a fuming dark potion for 25 gold pieces
  1754 | D:2      | 1754 ||| SHOPLISTING green potion (25 gold, have 3).
  1754 | D:2      | 1754 ||| SHOPLISTING wooden ring (140 gold, have 3).
  1788 | D:2      | 1788 ||| Stepping ~*~*~tactically~*~*~ (stealth).
  1790 | D:2      | Noticed Robin
  1791 | D:2      | 1791 ||| Stepping ~*~*~tactically~*~*~ (stealth).
  1793 | D:2      | 1793 ||| Stepping ~*~*~tactically~*~*~ (hiding).
  1803 | D:2      | Killed Robin
  1804 | D:2      | Reached XP level 4. HP: 27/28 MP: 4/4
  1804 | D:2      | 1804 ||| Stepping ~*~*~tactically~*~*~ (hiding).
  1842 | D:2      | Found Dacwuos's Armour Shop.
  1858 | D:2      | 1858 ||| Stepping ~*~*~tactically~*~*~ (stealth).
  1905 | D:2      | 1905 ||| Stepping ~*~*~tactically~*~*~ (stealth).
  2130 | D:2      | Found a faded altar of an unknown god.
  2467 | D:2      | 2467 ||| UPGRADING to +0 cloak.
  2472 | D:2      | 2472 ||| UPGRADING to +0 helmet.
  2477 | D:2      | 2477 ||| READING scroll labelled AKHLIO FOIGO.
  2478 | D:2      | 2478 ||| DRINKING 2 fuming dark potions.
  2479 | D:2      | 2479 ||| DROPPING potion of flight.
  2503 | D:3      | 2503 ||| STAIRDANCE
  2529 | D:3      | 2529 ||| Stepping ~*~*~tactically~*~*~ (stealth).
  2530 | D:3      | 2530 ||| Stepping ~*~*~tactically~*~*~ (stealth).
  2537 | D:3      | 2537 ||| Stepping ~*~*~tactically~*~*~ (stealth).
  2538 | D:3      | 2538 ||| Stepping ~*~*~tactically~*~*~ (stealth).
  2539 | D:3      | 2539 ||| Stepping ~*~*~tactically~*~*~ (stealth).
  2554 | D:3      | 2554 ||| Stepping ~*~*~tactically~*~*~ (stealth).
  2562 | D:3      | Reached XP level 5. HP: 32/32 MP: 5/5
  2569 | D:3      | 2569 ||| Stepping ~*~*~tactically~*~*~ (hiding).
  2571 | D:3      | Noticed an ice beast
  2579 | D:3      | Killed an ice beast
  2580 | D:3      | Reached XP level 6. HP: 37/37 MP: 6/6
  2646 | D:3      | 2646 ||| Stepping ~*~*~tactically~*~*~ (stealth).
  2951 | D:3      | 2951 ||| UPGRADING to +0 pair of boots.
  2956 | D:3      | 2956 ||| READING scroll labelled DINLILL LYRES.
  2960 | D:3      | 2960 ||| READING scroll labelled XONYM KYREUNU.
  2961 | D:3      | 2961 ||| READING 2 scrolls labelled OPATUGRIRHI.
  2962 | D:3      | 2962 ||| READING scroll labelled LIGAENEXOR.
  2963 | D:3      | 2963 ||| DRINKING 2 grey potions.
  2963 | D:3      | Gained mutation: You are clumsy. (Dex -2) [potion of
                  | mutation]
  2963 | D:3      | Gained mutation: Your spells are a little easier to cast,
                  | but a little less powerful. [potion of mutation]
  2963 | D:3      | Gained mutation: You are occasionally teleported next to
                  | monsters. [potion of mutation]
  2964 | D:3      | 2964 ||| DRINKING potion of mutation.
  2964 | D:3      | Lost mutation: You are occasionally teleported next to
                  | monsters. [potion of mutation]
  2964 | D:3      | Lost mutation: You are clumsy. (Dex -2) [potion of
                  | mutation]
  2964 | D:3      | Gained mutation: You passively dampen the noise of your
                  | surroundings. [potion of mutation]
  2965 | D:3      | 2965 ||| DRINKING 3 green potions.
  2966 | D:3      | 2966 ||| DRINKING 4 amethyst potions.
  2967 | D:3      | 2967 ||| DRINKING 2 clear potions.
  2999 | D:4      | 2999 ||| DROPPING +0 whip.
  3087 | D:4      | 3087 ||| Stepping ~*~*~tactically~*~*~ (stealth).
  3093 | D:4      | Reached skill level 6 in Axes
  3093 | D:4      | Reached XP level 7. HP: 43/43 MP: 7/7
  3101 | D:4      | 3101 ||| READING scroll of enchant weapon.
  3101 | D:4      | 3101 ||| ENCHANTING +1 spectral war axe.
  3652 | D:4      | Noticed Grinder
  3657 | D:4      | Killed Grinder
  3703 | D:4      | Reached XP level 8. HP: 48/48 MP: 8/8
  3901 | D:4      | 3901 ||| READING 2 scrolls labelled VYBUFA YTOD.
  3902 | D:4      | 3902 ||| READING scroll labelled AGINE JIULLI.
  3903 | D:4      | 3903 ||| READING scroll labelled IFE RAS DIDIAL.
  3904 | D:4      | 3904 ||| DROPPING scroll of amnesia.
  3927 | D:5      | Entered Level 5 of the Dungeon
  3927 | D:5      | Noticed Edmund
  3932 | D:5      | Killed Edmund
  3949 | D:5      | 3949 ||| Stepping ~*~*~tactically~*~*~ (hiding).
  3955 | D:5      | Reached skill level 1 in Throwing
  3996 | D:5      | 3996 ||| Stepping ~*~*~tactically~*~*~ (hiding).
  3997 | D:5      | 3997 ||| Stepping ~*~*~tactically~*~*~ (hiding).
  4122 | D:5      | 4122 ||| READING scroll of enchant weapon.
  4122 | D:5      | 4122 ||| ENCHANTING +2 spectral war axe.
  4187 | D:5      | Found a staircase to the Ecumenical Temple.
  4188 | D:5      | 4188 ||| PLANNING TEMPLE
  4188 | D:5      | 4188 ||| READING 2 scrolls of identify.
  4188 | D:5      | 4188 ||| IDENTIFYING cyan potion
  4189 | D:5      | 4189 ||| DROPPING potion of berserk rage.
  4196 | Temple   | Entered the Ecumenical Temple
  4404 | Temple   | 4404 ||| PLANNING D:1-11
  4448 | D:5      | Noticed Prince Ribbit
  4456 | D:5      | Killed Prince Ribbit
  4585 | D:5      | Reached XP level 9. HP: 55/55 MP: 9/9
  4590 | D:5      | Identified the +1 cloak of Cocytus {rN+ rCorr}
  4601 | D:5      | 4601 ||| Stepping ~*~*~tactically~*~*~ (hiding).
  4606 | D:5      | Reached skill level 6 in Fighting
  4724 | D:5      | Reached skill level 9 in Axes
  4880 | D:5      | Noticed Blork the orc
  4886 | D:5      | Killed Blork the orc
  5228 | D:5      | 5228 ||| UPGRADING to +1 cloak of Cocytus {rN+ rCorr}.
  5238 | D:5      | 5238 ||| DROPPING +0 cloak.
  5239 | D:5      | 5239 ||| UPGRADING to ring of willpower.
  5240 | D:5      | 5240 ||| READING scroll labelled SAEMEL SIJOEPS.
  5241 | D:5      | 5241 ||| DRINKING 2 fizzy grey potions.
  5242 | D:5      | 5242 ||| DRINKING 2 lumpy ruby potions.
  5289 | D:5      | 5289 ||| DROPPING potion of degeneration.
  5499 | D:6      | Found a shimmering blue altar of Sif Muna.
  5547 | D:6      | Found a shadowy altar of Dithmenos.
  5547 | D:6      | Found a stormy altar of Qazlal.
  5614 | D:6      | 5614 ||| Stepping ~*~*~tactically~*~*~ (stealth).
  5621 | D:6      | Found an ornate altar of the Wu Jian Council.
  5664 | D:6      | Noticed Menkaure
  5667 | D:6      | Killed Menkaure
  5886 | D:6      | 5886 ||| UPGRADING to ring of protection from cold.
  6221 | D:7      | Found a bloodstained altar of Trog.
  6228 | D:7      | Reached XP level 10. HP: 64/64 MP: 10/10
  6316 | D:7      | Reached skill level 3 in Dodging
  6493 | D:7      | 6493 ||| Stepping ~*~*~tactically~*~*~ (stealth).
  6494 | D:7      | 6494 ||| Stepping ~*~*~tactically~*~*~ (stealth).
  7117 | D:8      | 7117 ||| READING scroll of enchant weapon.
  7117 | D:8      | 7117 ||| ENCHANTING +3 spectral war axe.
  7207 | D:8      | 7207 ||| FLEEEEING.
  7208 | D:8      | 7208 ||| FLEEEEING.
  7224 | D:8      | 7224 ||| Stepping ~*~*~tactically~*~*~ (hiding).
  7594 | D:8      | 7594 ||| Stepping ~*~*~tactically~*~*~ (hiding).
  7737 | D:8      | Found an iron altar of Okawaru.
  7745 | D:8      | Became a worshipper of Warmaster Okawaru
  7846 | D:8      | 7846 ||| DROPPING +6 ring of intelligence.
  7872 | D:9      | 7872 ||| STAIRDANCE
  7895 | D:9      | 7895 ||| STAIRDANCE
  7900 | D:9      | 7900 ||| STAIRDANCE
  7940 | D:9      | 7940 ||| FLEEEEING.
  7941 | D:9      | 7941 ||| FLEEEEING.
  7942 | D:9      | 7942 ||| FLEEEEING.
  7943 | D:9      | 7943 ||| FLEEEEING.
  7944 | D:9      | 7944 ||| STAIRDANCE
  8048 | D:9      | 8048 ||| STAIRDANCE
  8060 | D:9      | 8060 ||| STAIRDANCE
  8078 | D:9      | 8078 ||| STAIRDANCE
  8082 | D:8      | Reached skill level 6 in Armour
  8084 | D:8      | Reached * piety under Okawaru
  8086 | D:8      | Reached skill level 1 in Invocations
  8101 | D:9      | 8101 ||| STAIRDANCE
  8118 | D:9      | 8118 ||| INVOKING Heroism.
  8119 | D:9      | 8119 ||| INVOKING Heroism.
  8123 | D:9      | Reached skill level 9 in Fighting
  8125 | D:9      | Reached skill level 3 in Invocations
  8130 | D:9      | Reached XP level 11. HP: 61/71 MP: 10/13
  8290 | D:9      | Noticed Erica
  8291 | D:9      | 8291 ||| Stepping ~*~*~tactically~*~*~ (hiding).
  8295 | D:9      | 8295 ||| INVOKING Heroism.
  8300 | D:9      | Killed Erica
  8300 | D:9      | Reached ** piety under Okawaru
  8320 | D:9      | Found a sparkling altar of Nemelex Xobeh.
  8345 | D:9      | Found a hazy altar of Hepliaklqana.
  8435 | D:9      | Noticed Psyche
  8436 | D:9      | 8436 ||| INVOKING Heroism.
  8454 | D:9      | Killed Psyche
  8645 | D:10     | Entered Level 10 of the Dungeon
  8649 | D:10     | 8649 ||| INVOKING Heroism.
  8667 | D:10     | 8667 ||| Stepping ~*~*~tactically~*~*~ (stealth).
  8681 | D:10     | Noticed a tengu warrior
  8681 | D:10     | Noticed a deep elf pyromancer
  8682 | D:10     | 8682 ||| Stepping ~*~*~tactically~*~*~ (hiding).
  8688 | D:10     | Killed a tengu warrior
  8689 | D:10     | Reached skill level 12 in Axes
  8693 | D:10     | Killed a deep elf pyromancer
  8693 | D:10     | Reached *** piety under Okawaru
  8732 | D:10     | Reached skill level 6 in Shields
  8733 | D:10     | Noticed a two-headed ogre
  8734 | D:10     | 8734 ||| INVOKING Heroism.
  8741 | D:10     | Killed a two-headed ogre
  8770 | D:10     | 8770 ||| INVOKING Heroism.
  8792 | D:10     | 8792 ||| Stepping ~*~*~tactically~*~*~ (hiding).
  8795 | D:10     | 8795 ||| Stepping ~*~*~tactically~*~*~ (hiding).
  8825 | D:10     | 8825 ||| Stepping ~*~*~tactically~*~*~ (stealth).
  8827 | D:10     | 8827 ||| INVOKING Heroism.
  8917 | D:10     | Found a sacrificial altar of Ru.
  8998 | D:10     | 8998 ||| INVOKING Heroism.
  9018 | D:10     | 9018 ||| DROPPING +0 mace of draining.
  9127 | D:10     | 9127 ||| DROPPING +0 flail.
  9133 | D:10     | Found a staircase to the Orcish Mines.
  9146 | D:10     | 9146 ||| Stepping ~*~*~tactically~*~*~ (stealth).
  9149 | D:10     | 9149 ||| INVOKING Heroism.
  9213 | D:10     | Reached **** piety under Okawaru
  9245 | D:10     | Noticed a purple ugly thing
  9256 | D:10     | Killed a purple ugly thing
  9501 | D:10     | Noticed a cyclops
  9502 | D:10     | 9502 ||| READING scroll labelled FOPSIN WUTOS.
  9503 | D:10     | 9503 ||| READING scroll of teleportation.
  9540 | D:10     | 9540 ||| Stepping randomly (stuck).
  9541 | D:10     | 9541 ||| INVOKING Heroism.
  9549 | D:10     | Killed a cyclops
  9605 | D:10     | Noticed a red ugly thing
  9605 | D:10     | Noticed a rakshasa
  9606 | D:10     | 9606 ||| Stepping ~*~*~tactically~*~*~ (hiding).
  9613 | D:10     | 9613 ||| INVOKING Heroism.
  9617 | D:10     | 9617 ||| Stepping ~*~*~tactically~*~*~ (hiding).
  9621 | D:10     | Killed a red ugly thing
  9626 | D:10     | 9626 ||| Stepping ~*~*~tactically~*~*~ (hiding).
  9627 | D:10     | 9627 ||| Stepping ~*~*~tactically~*~*~ (stealth).
  9629 | D:10     | 9629 ||| Stepping ~*~*~tactically~*~*~ (stealth).
  9630 | D:10     | 9630 ||| Stepping ~*~*~tactically~*~*~ (stealth).
  9635 | D:10     | Killed a rakshasa
  9635 | D:10     | Reached ***** piety under Okawaru
  9636 | D:10     | Reached skill level 6 in Invocations
  9636 | D:10     | Reached XP level 12. HP: 77/77 MP: 14/16
  9708 | D:11     | 9708 ||| Stepping randomly (disturbance).
  9768 | D:11     | 9768 ||| INVOKING Heroism.
  9800 | D:11     | Noticed a two-headed ogre
  9805 | D:11     | Killed a two-headed ogre
  9822 | D:11     | Noticed a six-headed hydra
  9823 | D:11     | 9823 ||| INVOKING Heroism.
  9824 | D:11     | 9824 ||| INVOKING Finesse.
  9826 | D:11     | 9826 ||| SWAPPING to +0 morningstar.
  9837 | D:11     | Killed a six-headed hydra
  9838 | D:11     | 9838 ||| SWAPPING to +4 spectral war axe.
  9888 | D:11     | Found a staircase to the Lair.
  9889 | D:11     | 9889 ||| INVOKING Heroism.
 10176 | D:11     | 10176 ||| INVOKING Heroism.
 10238 | D:11     | Noticed a centaur warrior
 10247 | D:11     | Killed a centaur warrior
 10253 | D:11     | Noticed a two-headed ogre
 10259 | D:11     | Killed a two-headed ogre
 10260 | D:11     | Reached skill level 3 in Throwing
 10297 | D:11     | Noticed an eight-headed hydra
 10298 | D:11     | 10298 ||| INVOKING Heroism.
 10299 | D:11     | 10299 ||| INVOKING Finesse.
 10301 | D:11     | 10301 ||| SWAPPING to +0 morningstar.
 10307 | D:11     | Killed an eight-headed hydra
 10308 | D:11     | 10308 ||| SWAPPING to +4 spectral war axe.
 10368 | D:11     | 10368 ||| Stepping randomly (disturbance).
 10369 | D:11     | 10369 ||| Stepping randomly (disturbance).
 10455 | D:11     | You fall into a shaft and drop 1 floor!
 10567 | D:11     | 10567 ||| PLANNING LAIR
 10622 | Lair:1   | Entered Level 1 of the Lair of Beasts
 10630 | Lair:1   | 10630 ||| READING scroll of enchant weapon.
 10630 | Lair:1   | 10630 ||| ENCHANTING +4 spectral war axe.
 10661 | Lair:1   | 10661 ||| INVOKING Heroism.
 10750 | Lair:1   | 10750 ||| INVOKING Heroism.
 10844 | Lair:1   | Noticed Gastronok
 10845 | Lair:1   | 10845 ||| Stepping ~*~*~tactically~*~*~ (hiding).
 10847 | Lair:1   | 10847 ||| INVOKING Heroism.
 10860 | Lair:1   | Killed Gastronok
 10860 | Lair:1   | Received a gift from Okawaru
 10861 | Lair:1   | Reached skill level 9 in Invocations
 10954 | Lair:1   | 10954 ||| Stepping ~*~*~tactically~*~*~ (stealth).
 10956 | Lair:1   | 10956 ||| Stepping ~*~*~tactically~*~*~ (stealth).
 11026 | Lair:1   | 11026 ||| READING scroll of enchant weapon.
 11026 | Lair:1   | 11026 ||| ENCHANTING +5 spectral war axe.
 11208 | Lair:1   | 11208 ||| INVOKING Heroism.
 11278 | Lair:1   | 11278 ||| READING scroll of enchant weapon.
 11278 | Lair:1   | 11278 ||| ENCHANTING +6 spectral war axe.
 11444 | Lair:1   | 11444 ||| DROPPING orb of light.
 11445 | Lair:1   | 11445 ||| READING scroll labelled QAISSU IDIRY.
 11446 | Lair:1   | 11446 ||| READING 3 scrolls of identify.
 11446 | Lair:1   | 11446 ||| IDENTIFYING inky potion
 11447 | Lair:1   | 11447 ||| READING 2 scrolls of identify.
 11447 | Lair:1   | 11447 ||| IDENTIFYING brown potion
 11448 | Lair:1   | 11448 ||| DROPPING potion of ambrosia.
 11449 | Lair:1   | 11449 ||| DROPPING potion of invisibility.
 11474 | Lair:2   | 11474 ||| STAIRDANCE
 11541 | Lair:2   | Found a hole to the Spider Nest.
 11554 | Lair:2   | 11554 ||| INVOKING Heroism.
 11559 | Lair:2   | Reached XP level 13. HP: 77/82 MP: 17/20
 11572 | Lair:2   | 11572 ||| INVOKING Finesse.
 11577 | Lair:2   | 11577 ||| SWAPPING to +0 morningstar.
 11581 | Lair:2   | 11581 ||| SWAPPING to +7 spectral war axe.
 11605 | Lair:2   | 11605 ||| INVOKING Heroism.
 11719 | Lair:2   | 11719 ||| INVOKING Heroism.
 11720 | Lair:2   | 11720 ||| INVOKING Finesse.
 11721 | Lair:2   | 11721 ||| SWAPPING to +0 morningstar.
 11727 | Lair:2   | 11727 ||| SWAPPING to +7 spectral war axe.
 11752 | Lair:2   | 11752 ||| Stepping ~*~*~tactically~*~*~ (stealth).
 11754 | Lair:2   | 11754 ||| Stepping ~*~*~tactically~*~*~ (stealth).
 11773 | Lair:2   | 11773 ||| INVOKING Heroism.
 11902 | Lair:2   | 11902 ||| INVOKING Heroism.
 12070 | Lair:2   | 12070 ||| Stepping ~*~*~tactically~*~*~ (stealth).
 12077 | Lair:2   | 12077 ||| Stepping ~*~*~tactically~*~*~ (stealth).
 12087 | Lair:2   | 12087 ||| Stepping ~*~*~tactically~*~*~ (stealth).
 12090 | Lair:2   | 12090 ||| Stepping ~*~*~tactically~*~*~ (stealth).
 12102 | Lair:2   | 12102 ||| Stepping ~*~*~tactically~*~*~ (stealth).
 12145 | Lair:2   | 12145 ||| INVOKING Heroism.
 12402 | Lair:2   | 12402 ||| INVOKING Heroism.
 12521 | Lair:2   | 12521 ||| DROPPING ring of ice.
 12522 | Lair:2   | 12522 ||| UPGRADING to +6 ring of strength.
 12524 | Lair:2   | 12524 ||| READING 3 scrolls of identify.
 12524 | Lair:2   | 12524 ||| IDENTIFYING silvery potion
 12693 | Lair:3   | Found a staircase to the Shoals.
 12829 | Lair:3   | 12829 ||| INVOKING Heroism.
 13005 | Lair:3   | 13005 ||| Stepping ~*~*~tactically~*~*~ (stealth).
 13007 | Lair:3   | 13007 ||| INVOKING Heroism.
 13008 | Lair:3   | 13008 ||| Stepping ~*~*~tactically~*~*~ (stealth).
 13086 | Lair:3   | 13086 ||| Stepping ~*~*~tactically~*~*~ (stealth).
 13087 | Lair:3   | 13087 ||| Stepping ~*~*~tactically~*~*~ (stealth).
 13088 | Lair:3   | 13088 ||| Stepping ~*~*~tactically~*~*~ (stealth).
 13090 | Lair:3   | 13090 ||| Stepping ~*~*~tactically~*~*~ (stealth).
 13495 | Lair:3   | 13495 ||| DROPPING amulet of faith.
 13496 | Lair:3   | 13496 ||| READING scroll labelled DYT SENTOERIN.
 13611 | Lair:4   | 13611 ||| INVOKING Heroism.
 13660 | Lair:4   | 13660 ||| Stepping ~*~*~tactically~*~*~ (hiding).
 13768 | Lair:4   | 13768 ||| INVOKING Heroism.
 13769 | Lair:4   | 13769 ||| INVOKING Finesse.
 13827 | Lair:4   | 13827 ||| INVOKING Heroism.
 13828 | Lair:4   | 13828 ||| INVOKING Finesse.
 13899 | Lair:4   | 13899 ||| INVOKING Heroism.
 14055 | Lair:4   | 14055 ||| Stepping ~*~*~tactically~*~*~ (stealth).
 14057 | Lair:4   | 14057 ||| INVOKING Heroism.
 14098 | Lair:4   | Identified the +2 kite shield "Lottam" {Fly rN+ Dex+4}
                  | (Okawaru gifted it to you on level 4 of the Lair of Beasts)
 14098 | Lair:4   | Received a gift from Okawaru
 14369 | Lair:4   | 14369 ||| INVOKING Heroism.
 14374 | Lair:4   | 14374 ||| Stepping ~*~*~tactically~*~*~ (stealth).
 14378 | Lair:4   | 14378 ||| Stepping ~*~*~tactically~*~*~ (stealth).
 14382 | Lair:4   | 14382 ||| Stepping ~*~*~tactically~*~*~ (stealth).
 14384 | Lair:4   | 14384 ||| Stepping ~*~*~tactically~*~*~ (stealth).
 14387 | Lair:4   | 14387 ||| Stepping ~*~*~tactically~*~*~ (stealth).
 14423 | Lair:4   | 14423 ||| INVOKING Heroism.
 14491 | Lair:4   | Reached skill level 15 in Axes
 14676 | Lair:4   | Found a viscous altar of Jiyva.
 14677 | Lair:4   | Found a staircase to the Slime Pits.
 14958 | Lair:4   | 14958 ||| UPGRADING to +2 kite shield "Lottam" {Fly rN+
                  | Dex+4}.
 14968 | Lair:4   | 14968 ||| DROPPING +1 buckler "Sueg" {rPois Int+6 Stlth-}.
 14969 | Lair:4   | 14969 ||| READING 8 scrolls of identify.
 14969 | Lair:4   | 14969 ||| IDENTIFYING puce potion
 15034 | Lair:5   | Entered Level 5 of the Lair of Beasts
 15076 | Lair:5   | Gained mutation: Your large and strong wings let you fly.
                  | [Gargoyle growth]
 15076 | Lair:5   | Reached XP level 14. HP: 90/90 MP: 21/21
 15105 | Lair:5   | 15105 ||| Stepping ~*~*~tactically~*~*~ (stealth).
 15114 | Lair:5   | 15114 ||| Stepping ~*~*~tactically~*~*~ (stealth).
 15117 | Lair:5   | 15117 ||| Stepping ~*~*~tactically~*~*~ (stealth).
 15120 | Lair:5   | 15120 ||| INVOKING Heroism.
 15152 | Lair:5   | Reached skill level 9 in Shields
 15198 | Lair:5   | 15198 ||| INVOKING Heroism.
 15327 | Lair:5   | 15327 ||| Stepping ~*~*~tactically~*~*~ (stealth).
 15336 | Lair:5   | 15336 ||| Stepping ~*~*~tactically~*~*~ (stealth).
 15453 | Lair:5   | 15453 ||| INVOKING Heroism.
 15637 | Lair:5   | 15637 ||| Stepping ~*~*~tactically~*~*~ (stealth).
 15664 | Lair:5   | Found a hazy altar of Hepliaklqana.
 15665 | Lair:5   | 15665 ||| Stepping ~*~*~tactically~*~*~ (stealth).
 15667 | Lair:5   | 15667 ||| INVOKING Heroism.
 15773 | Lair:5   | 15773 ||| Stepping ~*~*~tactically~*~*~ (hiding).
 15788 | Lair:5   | 15788 ||| Stepping ~*~*~tactically~*~*~ (stealth).
 15798 | Lair:5   | 15798 ||| INVOKING Heroism.
 15799 | Lair:5   | 15799 ||| INVOKING Finesse.
 15824 | Lair:5   | Reached ****** piety under Okawaru
 15828 | Lair:5   | Received a gift from Okawaru
 15852 | Lair:5   | 15852 ||| Stepping ~*~*~tactically~*~*~ (stealth).
 15854 | Lair:5   | 15854 ||| Stepping ~*~*~tactically~*~*~ (stealth).
 15857 | Lair:5   | 15857 ||| INVOKING Heroism.
 15962 | Lair:5   | 15962 ||| INVOKING Heroism.
 15963 | Lair:5   | 15963 ||| INVOKING Finesse.
 15965 | Lair:5   | 15965 ||| Stepping ~*~*~tactically~*~*~ (stealth).
 15966 | Lair:5   | 15966 ||| SWAPPING to +0 morningstar.
 15971 | Lair:5   | 15971 ||| SWAPPING to +7 spectral war axe.
 16010 | Lair:5   | 16010 ||| Stepping ~*~*~tactically~*~*~ (stealth).
 16012 | Lair:5   | 16012 ||| Stepping ~*~*~tactically~*~*~ (stealth).
 16014 | Lair:5   | 16014 ||| Stepping ~*~*~tactically~*~*~ (stealth).
 16027 | Lair:5   | 16027 ||| Stepping ~*~*~tactically~*~*~ (stealth).
 16037 | Lair:5   | 16037 ||| Stepping ~*~*~tactically~*~*~ (stealth).
 16048 | Lair:5   | Reached skill level 12 in Shields
 16152 | Lair:5   | 16152 ||| Stepping ~*~*~tactically~*~*~ (hiding).
 16170 | Lair:5   | 16170 ||| Stepping ~*~*~tactically~*~*~ (stealth).
 16171 | Lair:5   | 16171 ||| Stepping ~*~*~tactically~*~*~ (stealth).
 16211 | Lair:5   | 16211 ||| Stepping ~*~*~tactically~*~*~ (stealth).
 16245 | Lair:5   | Found a large runed translucent door.
 16245 | Lair:5   | Found a large runed translucent door.
 16255 | Lair:5   | 16255 ||| INVOKING Heroism.
 16264 | Lair:5   | Reached skill level 9 in Armour
 16546 | Lair:5   | 16546 ||| PLANNING D
 16546 | Lair:5   | 16546 ||| DROPPING +1 cloak of poison resistance.
 16806 | D:12     | 16806 ||| INVOKING Heroism.
 16807 | D:12     | 16807 ||| INVOKING Finesse.
 16809 | D:12     | 16809 ||| SWAPPING to +0 morningstar.
 16814 | D:12     | 16814 ||| SWAPPING to +7 spectral war axe.
 16906 | D:12     | 16906 ||| Stepping ~*~*~tactically~*~*~ (hiding).
 16907 | D:12     | 16907 ||| Stepping ~*~*~tactically~*~*~ (hiding).
 16911 | D:12     | 16911 ||| Stepping ~*~*~tactically~*~*~ (hiding).
 17031 | D:12     | 17031 ||| INVOKING Heroism.
 17050 | D:12     | Identified the +1 ring mail of Weirdness {Fly rPois Will+
                  | Str+2}
 17083 | D:12     | Reached XP level 15. HP: 96/96 MP: 22/22
 17292 | D:12     | 17292 ||| INVOKING Heroism.
 17298 | D:12     | 17298 ||| READING 6 scrolls of teleportation.
 17320 | D:12     | 17320 ||| Stepping ~*~*~tactically~*~*~ (stealth).
 17322 | D:12     | 17322 ||| Stepping ~*~*~tactically~*~*~ (stealth).
 17327 | D:12     | 17327 ||| Stepping ~*~*~tactically~*~*~ (stealth).
 17609 | D:13     | 17609 ||| FLEEEEING.
 17610 | D:13     | 17610 ||| FLEEEEING.
 17611 | D:13     | 17611 ||| FLEEEEING.
 17615 | D:13     | 17615 ||| STAIRDANCE
 17631 | D:13     | 17631 ||| FLEEEEING.
 17632 | D:13     | 17632 ||| STAIRDANCE
 17652 | D:13     | Reached skill level 6 in Dodging
 17715 | D:13     | 17715 ||| Stepping ~*~*~tactically~*~*~ (stealth).
 17718 | D:13     | 17718 ||| Stepping ~*~*~tactically~*~*~ (stealth).
 17726 | D:13     | 17726 ||| Stepping ~*~*~tactically~*~*~ (stealth).
 17728 | D:13     | 17728 ||| INVOKING Heroism.
 17731 | D:13     | Reached skill level 12 in Fighting
 17751 | D:13     | 17751 ||| Stepping ~*~*~tactically~*~*~ (stealth).
 17823 | D:13     | 17823 ||| INVOKING Heroism.
 17824 | D:13     | 17824 ||| Stepping ~*~*~tactically~*~*~ (stealth).
 17826 | D:13     | 17826 ||| SWAPPING to +0 morningstar.
 17827 | D:13     | 17827 ||| INVOKING Finesse.
 17835 | D:13     | 17835 ||| SWAPPING to +7 spectral war axe.
 17840 | D:13     | 17840 ||| Stepping ~*~*~tactically~*~*~ (stealth).
 17841 | D:13     | 17841 ||| Stepping ~*~*~tactically~*~*~ (stealth).
 17864 | D:13     | 17864 ||| Stepping ~*~*~tactically~*~*~ (stealth).
 17867 | D:13     | 17867 ||| Stepping ~*~*~tactically~*~*~ (stealth).
 17869 | D:13     | 17869 ||| Stepping ~*~*~tactically~*~*~ (hiding).
 17928 | D:13     | 17928 ||| INVOKING Heroism.
 17998 | D:13     | 17998 ||| INVOKING Heroism.
 18045 | D:13     | 18045 ||| READING scroll of enchant weapon.
 18045 | D:13     | 18045 ||| ENCHANTING +7 spectral war axe.
 18051 | D:13     | 18051 ||| INVOKING Heroism.
 18072 | D:13     | 18072 ||| READING scroll of enchant armour.
 18072 | D:13     | 18072 ||| ENCHANTING +0 pair of gloves of strength.
 18080 | D:13     | Found a gate to the Vaults.
 18088 | D:13     | 18088 ||| INVOKING Heroism.
 18117 | D:13     | 18117 ||| READING scroll of acquirement.
 18117 | D:13     | 18117 ||| ACQUIRING +8 broad axe of Catet {antimagic,
                  | rPois}
 18117 | D:13     | Acquired the +8 broad axe of Catet {antimagic, rPois}
 18119 | D:13     | 18119 ||| SWAPPING to +8 broad axe of Catet {antimagic,
                  | rPois}.
 18120 | D:13     | 18120 ||| DROPPING +8 spectral war axe.
 18151 | D:13     | Found a runed translucent gate.
 18151 | D:13     | Found a runed translucent gate.
 18151 | D:13     | Found a runed translucent gate.
 18152 | D:13     | Noticed qw's ghost (journeyman GrBe)
 18232 | D:13     | 18232 ||| Stepping ~*~*~tactically~*~*~ (hiding).
 18492 | D:13     | Found Awaot's Antique Weapon Emporium.
 18500 | D:13     | 18500 ||| BUYING glowing morningstar (147 gold).
 18500 | D:13     | Bought a glowing morningstar for 147 gold pieces
 18500 | D:13     | 18500 ||| DROPPING +0 morningstar.
 18688 | D:13     | 18688 ||| UPGRADING to +0 tower shield.
 18698 | D:13     | 18698 ||| DROPPING +2 kite shield "Lottam" {Fly rN+ Dex+4}.
 18699 | D:13     | 18699 ||| READING 12 scrolls of identify.
 18699 | D:13     | 18699 ||| IDENTIFYING gluggy clear potion
 18710 | D:14     | 18710 ||| PLANNING GAUNTLET
 18738 | D:14     | 18738 ||| INVOKING Heroism.
 18739 | D:14     | 18739 ||| INVOKING Finesse.
 18770 | D:14     | 18770 ||| INVOKING Heroism.
 18853 | D:14     | 18853 ||| Stepping ~*~*~tactically~*~*~ (stealth).
 18869 | D:14     | Received a gift from Okawaru
 18889 | D:14     | 18889 ||| DROPPING +2 vorpal broad axe.
 18975 | D:14     | 18975 ||| Stepping ~*~*~tactically~*~*~ (hiding).
 18977 | D:14     | 18977 ||| Stepping ~*~*~tactically~*~*~ (hiding).
 19194 | D:14     | 19194 ||| Stepping ~*~*~tactically~*~*~ (hiding).
 19214 | D:14     | 19214 ||| RIP GAUNTLET
 19233 | D:14     | 19233 ||| PLANNING D
 19241 | D:14     | Found a portal to a secret trove of treasure.
 19343 | D:14     | 19343 ||| INVOKING Heroism.
 19543 | D:14     | 19543 ||| Stepping ~*~*~tactically~*~*~ (hiding).
 19544 | D:14     | 19544 ||| Stepping ~*~*~tactically~*~*~ (stealth).
 19545 | D:14     | 19545 ||| INVOKING Heroism.
 19554 | D:14     | 19554 ||| Stepping ~*~*~tactically~*~*~ (hiding).
 19555 | D:14     | 19555 ||| Stepping ~*~*~tactically~*~*~ (hiding).
 19601 | D:14     | 19601 ||| DROPPING +2 morningstar of draining.
 19636 | D:14     | 19636 ||| Stepping ~*~*~tactically~*~*~ (stealth).
 19638 | D:14     | 19638 ||| Stepping ~*~*~tactically~*~*~ (stealth).
 19756 | D:14     | 19756 ||| READING 13 scrolls of identify.
 19756 | D:14     | 19756 ||| IDENTIFYING fizzy green potion
 19757 | D:14     | 19757 ||| DROPPING potion of brilliance.
 19763 | D:15     | Entered Level 15 of the Dungeon
 19951 | D:15     | Noticed Azrael
 19952 | D:15     | 19952 ||| INVOKING Heroism.
 19953 | D:15     | 19953 ||| INVOKING Finesse.
 19967 | D:15     | Killed Azrael
 20042 | D:15     | 20042 ||| FLEEEEING.
 20043 | D:15     | 20043 ||| FLEEEEING.
 20044 | D:15     | 20044 ||| FLEEEEING.
 20045 | D:15     | 20045 ||| FLEEEEING.
 20422 | D:15     | Found a staircase to the Depths.
 20432 | D:15     | 20432 ||| Stepping ~*~*~tactically~*~*~ (hiding).
 20444 | D:15     | Identified the quicksilver dragon scales "Entut" {Will+
                  | Regen+ Str-2 Dex+3} (Okawaru gifted it to you on level 15
                  | of the Dungeon)
 20444 | D:15     | Received a gift from Okawaru
 20471 | D:15     | 20471 ||| PLANNING ORC
 20471 | D:15     | 20471 ||| UPGRADING to quicksilver dragon scales "Entut"
                  | {Will+ Regen+ Str-2 Dex+3}.
 20641 | Orc:1    | Entered Level 1 of the Orcish Mines
 20643 | Orc:1    | 20643 ||| Stepping ~*~*~tactically~*~*~ (hiding).
 20766 | Orc:1    | 20766 ||| INVOKING Heroism.
 20843 | Orc:1    | 20843 ||| Stepping ~*~*~tactically~*~*~ (stealth).
 20845 | Orc:1    | 20845 ||| Stepping ~*~*~tactically~*~*~ (hiding).
 20847 | Orc:1    | 20847 ||| Stepping ~*~*~tactically~*~*~ (hiding).
 20985 | Orc:2    | Entered Level 2 of the Orcish Mines
 20986 | Orc:2    | 20986 ||| INVOKING Heroism.
 21020 | Orc:2    | 21020 ||| Stepping ~*~*~tactically~*~*~ (hiding).
 21122 | Orc:2    | 21122 ||| Stepping ~*~*~tactically~*~*~ (hiding).
 21191 | Orc:2    | 21191 ||| Stepping ~*~*~tactically~*~*~ (hiding).
 21298 | Orc:2    | 21298 ||| Stepping ~*~*~tactically~*~*~ (stealth).
 21299 | Orc:2    | 21299 ||| INVOKING Heroism.
 21314 | Orc:2    | 21314 ||| Stepping ~*~*~tactically~*~*~ (stealth).
 21322 | Orc:2    | 21322 ||| Stepping ~*~*~tactically~*~*~ (stealth).
 21361 | Orc:2    | 21361 ||| Stepping ~*~*~tactically~*~*~ (hiding).
 21376 | Orc:2    | 21376 ||| Stepping ~*~*~tactically~*~*~ (stealth).
 21403 | Orc:2    | 21403 ||| INVOKING Heroism.
 21404 | Orc:2    | 21404 ||| INVOKING Finesse.
 21492 | Orc:2    | Found a staircase to the Elven Halls.
 21504 | Orc:2    | 21504 ||| INVOKING Heroism.
 21514 | Orc:2    | Reached XP level 16. HP: 101/101 MP: 5/23
 21573 | Orc:2    | 21573 ||| Stepping ~*~*~tactically~*~*~ (hiding).
 21576 | Orc:2    | 21576 ||| INVOKING Heroism.
 21584 | Orc:2    | Reached skill level 15 in Shields
 21601 | Orc:2    | Found Loqec's Book Boutique.
 21701 | Orc:2    | 21701 ||| FLEEEEING.
 21764 | Orc:2    | 21764 ||| Stepping ~*~*~tactically~*~*~ (stealth).
 21766 | Orc:2    | 21766 ||| INVOKING Heroism.
 21767 | Orc:2    | 21767 ||| Stepping ~*~*~tactically~*~*~ (hiding).
 21792 | Orc:2    | Found Nocilify's Book Shop.
 21835 | Orc:2    | 21835 ||| INVOKING Heroism.
 21899 | Orc:2    | Noticed Saint Roka
 21900 | Orc:2    | 21900 ||| INVOKING Heroism.
 21901 | Orc:2    | 21901 ||| INVOKING Finesse.
 21928 | Orc:2    | HP: 13/101 [orc priest/divine providence[Saint Roka] (16)]
 21929 | Orc:2    | 21929 ||| READING 6 scrolls of teleportation.
 21929 | Orc:2    | HP: 3/101 [Saint Roka/divine providence (11)]
 21929 | Orc:2    | Killed from afar by an orc wizard

Levels and vault maps discovered:
D:1:      roderic_dead_forest, layout_basic, interstate_on_off
D:2:      layout_basic, basic_altar, shapermc_ecumenical_altar_acropolis,
          serial_shops, shop, nicolae_shop_competitors_out_of_business, shop,
          dk_noncrumbling_3, hex_medium, kennysheep_generic_room_11, uniq_robin
D:3:      layout_rooms, minmay_fractal_squares_diagonal_5
D:4:      layout_loops_corners, uniq_grinder
D:5:      minmay_goblin_kobold_castle, layout_basic,
          minmay_temple_entry_overgrown, uniq_blork_the_orc,
          uniq_prince_ribbit1, uniq_edmund
D:6:      layout_basic, mainiacjoe_overflow_paths, mainiacjoe_overflow_catwalk,
          gammafunk_temple_overflow_wave, wad_floor_pattern_untrapped,
          uniq_menkaure
D:7:      layout_layer_cave, trog_ov_bears_minmay
D:8:      layout_basic, kennysheep_okawaru_gauntlet
D:9:      layout_big_octagon, kennysheep_little_box, nemelex_altar_shiori,
          kennysheep_nub, uniq_psyche, uniq_erica
D:10:     minmay_wavy_crystal, layout_loops_cross, lemuel_crystal_altar,
          minmay_shattered_shrine
D:11:     layout_gridville, david_lair_shrubbed
D:12:     layout_irregular_city, serial_column_ruins, column_ruins_hut_ruined,
          column_ruins_open_tiny, column_ruins_corridor_dead_end,
          column_ruins_open_small, column_ruins_grid_2,
          column_ruins_columns_straight
D:13:     layout_basic, grunt_vaults_entry_tiered,
          gammafunk_ghost_nasty_kobolds, serial_shops, nicolae_square_shop
D:14:     layout_cave_pods, gauntlet_entry_generic,
          nicolae_trove_entry_isolated, serial_glass, glass_columns_a,
          glass_columns_c, glass_columns_c, glass_columns_a,
          due_unseen_surprise, minmay_strange_pillars, hex_large
D:15:     hangedman_depths_entry_try_elsewhere_first, layout_basic, uniq_azrael
Temple:   nicolae_temple_figure_eight
Lair:1:   wad_woods_04, layout_loops_ring, disabler_island, grunt_megastairs_3,
          uniq_gastronok
Lair:2:   layout_gridlike, spider_nest_entry_a, kennysheep_rathole,
          grunt_megastairs_1
Lair:3:   layout_layer_cave, shoals_dummy_entry
Lair:4:   nzn_winding_woodlands_stair_trap
          [nzn_winding_woodlands_5x15_lazy_stream,
          nzn_winding_woodlands_5x15_river_crossing,
          nzn_winding_woodlands_5x15_eye,
          nzn_winding_woodlands_15x15_thick_spiral,
          nzn_winding_woodlands_5x15_garden,
          nzn_winding_woodlands_5x15_split_checker,
          nzn_winding_woodlands_5x15_sidewinder], layout_cave_pods,
          dpeg_slime_entry_enclosed
Lair:5:   cheibrodos_lair_end_hotspot, layout_cave_pods, lemuel_centaur_altar
Orc:1:    layout_caves, basic_altar, nooodl_orcs_dogs
Orc:2:    grunt_orc_community_town_hall, layout_caves,
          grunt_orc_community_big_house_2, grunt_orc_community_big_house_2,
          grunt_orc_community_house_3, grunt_orc_community_house_1,
          grunt_orc_community_house_3, grunt_orc_community_house_3,
          grunt_orc_community_house_2, grunt_orc_community_house_2,
          abandoned_shop

Skill      XL: |  1  2  3  4  5  6  7  8  9 10 11 12 13 14 15 16 |
---------------+-------------------------------------------------+-----
Axes           | 2 3 4 5 6 7 8 10 11 12 13 15 | 15.9
Dodging        | 1 2 3 4 5 6 |  6.0
Fighting       | 4 5 8 9 10 11 12 | 12.0
Throwing       | 1 4 5 |  5.0
Armour         | 4 5 6 7 8 9 |  9.0
Shields        | 4 5 6 7 12 14 15 | 15.4
Invocations    | 3 6 10 | 10.0

Action                   |  1- 3 |  4- 6 |  7- 9 | 10-12 | 13-15 | 16-18 || total
-------------------------+-------+-------+-------+-------+-------+-------++-------
Melee: War axe           |   138 |   112 |   167 |   327 |   466 |       ||  1210
       Morningstar       |       |       |       |    13 |    17 |       ||    30
       Broad axe         |       |       |       |       |   297 |    88 ||   385
Throw: Boomerang         |       |    33 |    70 |    43 |   108 |    14 ||   268
       Javelin           |       |       |       |    16 |   100 |       ||   116
Invok: Heroism           |       |       |       |    21 |    42 |     4 ||    67
       Finesse           |       |       |       |     2 |    11 |     1 ||    14
  Use: Scroll            |     7 |     5 |     7 |     9 |     9 |     1 ||    38
       Potion            |       |     6 |     2 |       |       |       ||     8
 Stab: Distracted        |       |     1 |     1 |     6 |     8 |       ||    16
Armor: Scale mail        |    55 |       |       |       |       |       ||    55
       Swamp dragon scal |    28 |    34 |    64 |   219 |   183 |       ||   528
       Quicksilver drago |       |       |       |       |    19 |     8 ||    27
Dodge: Dodged            |    61 |    34 |    52 |   171 |   163 |     7 ||   488
Block: Buckler           |    35 |    21 |    33 |   112 |    15 |       ||   216
       Kite shield       |       |       |       |       |   143 |       ||   143
       Tower shield      |       |       |       |       |   196 |    38 ||   234

Table legend:
 A = Non-vault XP
 B = Vault XP
 C = Vault XP percentage of total XP
 D = Non-vault monster count
 E = Vault monster count
 F = Vault count percentage of total count
                 A         B        C        D         E       F
            +---------+---------+-------+---------+---------+-------
      Total |   92629 |   41494 |  30.9 |     486 |     258 |  34.7
            +---------+---------+-------+---------+---------+-------
        D:1 |      43 |       0 |   0.0 |      20 |       0 |   0.0
        D:2 |      53 |      39 |  42.4 |      25 |      14 |  35.9
        D:3 |     257 |      22 |   7.9 |      26 |       7 |  21.2
        D:4 |     509 |     290 |  36.3 |      24 |       1 |   4.0
        D:5 |     922 |     744 |  44.7 |      27 |      61 |  69.3
        D:6 |    1119 |     172 |  13.3 |      17 |       1 |   5.6
        D:7 |    1578 |     252 |  13.8 |      21 |       2 |   8.7
        D:8 |    2434 |       0 |   0.0 |      28 |       0 |   0.0
        D:9 |    1095 |    1169 |  51.6 |      13 |       2 |  13.3
       D:10 |    1928 |    5812 |  75.1 |      18 |      11 |  37.9
       D:11 |    7183 |     355 |   4.7 |      18 |       1 |   5.3
       D:12 |    6032 |       0 |   0.0 |      19 |       0 |   0.0
       D:13 |    8039 |    6860 |  46.0 |      20 |      25 |  55.6
       D:14 |   10355 |       0 |   0.0 |      23 |       0 |   0.0
       D:15 |    4318 |    3733 |  46.4 |      10 |      10 |  50.0
     Lair:1 |    3054 |    1803 |  37.1 |      11 |       6 |  35.3
     Lair:2 |    6281 |    1450 |  18.8 |      18 |      20 |  52.6
     Lair:3 |    2253 |       0 |   0.0 |      11 |       0 |   0.0
     Lair:4 |    6489 |    6687 |  50.8 |      26 |      16 |  38.1
     Lair:5 |   22344 |    7251 |  24.5 |      60 |      31 |  34.1
      Orc:1 |    1629 |       0 |   0.0 |      15 |       0 |   0.0
      Orc:2 |    4714 |    4855 |  50.7 |      36 |      50 |  58.1
            +---------+---------+-------+---------+---------+-------
